 Dungeon Crawl Stone Soup version 0.29.1-12-g30fa7ad0bf (webtiles) character file.

Game seed: 15498228753903618239

14 hawla the Firebug (level 2, -2/20 HPs)
             Began as a Meteoran Fire Elementalist on Jan 13, 2023.
             Slain by Sigmund
             ... wielding a +0 scythe of freezing
              (4 damage)
             ... on level 2 of the Dungeon.
             The game lasted 00:01:24 (197 turns).

hawla the Firebug (Meteoran Fire Elementalist)       Turns: 197, Time: 00:01:26

Health: -2/20      AC:  2    Str:  9    XL:     2   Next: 76%
Magic:  0/7        EV: 12    Int: 16    God:
Gold:   24         SH:  0    Dex: 14    Spells: 4/7 levels left

rFire   . . .      SeeInvis .   (no weapon)
rCold   . . .      Faith    .   (no shield)
rNeg    . . .      Spirit   .   a - +0 robe
rPois   .          Reflect  .   (no helmet)
rElec   .          Harm     .   (no cloak)
rCorr   .          Rampage  .   (no gloves)
Will    .....                   (no boots)
Stlth   +.........              (no amulet)
HPRegen 0.06/turn               (no ring)
MPRegen 0.10/turn               (no ring)

@: glowing
A: sense surroundings 1, otherworldly, glowing, explore regen
a: no special abilities


You were on level 2 of the Dungeon.
You visited 1 branch of the dungeon, and saw 2 of its levels.

You collected 24 gold pieces.

Inventory:

Armour
 a - a +0 robe (worn)
Scrolls
 c - a scroll of magic mapping {unknown}
 d - a scroll of teleportation {unknown}
 e - a scroll of blinking {unknown}
 g - a scroll of enchant weapon {unknown}
 h - a scroll of identify {unknown}
Potions
 b - a potion of magic
 f - a potion of heal wounds


   Skills:
 + Level 2.8 Dodging
 - Level 1.4 Stealth
 + Level 3.0 Spellcasting
 + Level 1.3 Conjurations
 + Level 4.1 Fire Magic


You had 4 spell levels left.
You knew the following spells:

 Your Spells              Type           Power      Damage    Failure   Level
a - Foxfire               Conj/Fire      44%        2x1d6     6%          1
b - Scorch                Fire           30%        2d7       5%          2

Your spell library contained the following spells:

 Spells                   Type           Power      Damage    Failure   Level
 Conjure Flame            Conj/Fire      11%        6-21      19%         3
 Inner Flame              Hex/Fire       8%         N/A       24%         3
 Flame Wave               Conj/Fire      11%        2d6       52%         4


Dungeon Overview and Level Annotations

Branches:
Dungeon (2/15) Zot: 1002

Altars:

Annotations:
D:2 Sigmund


Innate Abilities, Weirdness & Mutations

You passively map a small area around you.
You are easily found by Zot.
You glow in the dark.
You regain HP and MP as you explore.


Message History

The ball python constricts you.
You escape the ball python's grasp.
You bump into the rock wall.
You feel less confused. The ball python closely misses you.
The ball python grabs you. The ball python constricts you.
The ball python's grasp on you weakens, but your attempt to escape fails.
The ball python bites you but does no damage.
The ball python constricts you.
Casting: Foxfire (safe; 6% risk of failure)
Confirm with . or Enter, or press ? or * to list all spells.
You don't know that spell.
Casting: Foxfire (safe; 6% risk of failure)
Confirm with . or Enter, or press ? or * to list all spells.
Flames lash Sigmund.
Sigmund is moderately wounded.
Sigmund's fire resistance burns away.
The ball python bites you but does no damage.
The ball python constricts you. Sigmund barely misses you.
Casting: Scorch (safe; 5% risk of failure)
Confirm with . or Enter, or press ? or * to list all spells.
Flames lash the ball python.
You kill the ball python!
Unknown command.
Casting: Scorch (safe; 5% risk of failure)
Confirm with . or Enter, or press ? or * to list all spells.
Flames lash Sigmund.
Sigmund is burned terribly!
Sigmund is severely wounded.
Sigmund barely misses you.
Unknown command.
Casting: Scorch (safe; 5% risk of failure)
Confirm with . or Enter, or press ? or * to list all spells.
You don't have enough magic to cast this spell.
Casting: Scorch (safe; 5% risk of failure)
Confirm with . or Enter, or press ? or * to list all spells.
You conjure some foxfire!
Sigmund hits you from afar with a +0 scythe of freezing!
* * * LOW HITPOINT WARNING * * *
Sigmund freezes you.
You die...

#.### #...#
#.# #...# #.#
#...# #.#
#...########
#.#
#...........,
#.#**
#...########*
, #.#
+...'.....#
#.#
#...#####.####
* #.#*
+..@v@........
#.# **
#..v##.!.)..#
* #.#
#...##...##...
* #.#
######...# *
#.#* #...# #.#
#<..# * #.#
,*** * #...#
#.#* , +...+ ,
.. * #.# *
#...#* ...


You could see Sigmund (combustible, ally target).

Vanquished Creatures
  A bat (D:2)
  A giant cockroach (D:2)
  3 goblins (D:2)
  A hobgoblin (D:2)
  A ball python (D:2)
  A frilled lizard (D:2)
  4 kobolds (D:2)
12 creatures vanquished.

Vanquished Creatures (others)
  20 foxfires (D:2)
20 creatures vanquished.

Grand Total: 32 creatures vanquished

Notes
Turn   | Place    | Note
-------+----------+-------------------------------------------
     0 | D:1      | hawla the Meteoran Fire Elementalist began the quest for
                  | the Orb.
     0 | D:1      | Reached XP level 1. HP: 14/14 MP: 5/5
    18 | D:2      | Reached XP level 2. HP: 20/20 MP: 0/6
    64 | D:2      | Reached skill level 4 in Fire Magic
    77 | D:2      | Learned a level 2 spell: Scorch
   184 | D:2      | Noticed Sigmund
   197 | D:2      | Slain by Sigmund

Illustrated notes

Levels and vault maps discovered:
D:1:      dpeg_arrival_tiny_k, layout_basic,
          nicolae_concentric_dashed_squares_mild, minivault_23
D:2:      layout_basic, basic_ecumenical_altar, uniq_sigmund, uniq_jessica,
          uniq_natasha

Skill      XL: |  1  2 |
---------------+-------+-----
Fire Magic     | 4 |  4.1
Spellcasting   | 3 |  3.0
Dodging        | |  2.8
Stealth        | |  1.4
Conjurations   | |  1.3

Action                   || total
-------------------------++-------
Melee: Unarmed           ||     5
 Cast: Foxfire           ||    12
       Scorch            ||     3
  Use: Potion            ||     1
Armor: Robe              ||     4
Dodge: Dodged            ||     7
